 Dungeon Crawl Stone Soup version 0.22-a0-409-gb855193 (webtiles) character file.

11541 Gaball the Thaumaturge (level 11, -4/64 HPs)
             Began as a Deep Elf Conjurer on May 10, 2018.
             Killed from afar by a wizard (22 damage)
             ... with a stone arrow
             ... on level 10 of the Dungeon on May 12, 2018.
             The game lasted 00:49:43 (13676 turns).

Gaball the Thaumaturge (Deep Elf Conjurer)         Turns: 13676, Time: 00:49:44

Health: -4/64      AC:  5    Str:  5    XL:     11   Next: 50%
Magic:  35/40      EV: 22    Int: 24    God:
Gold:   628        SH:  0    Dex: 19    Spells: 30/38 levels left

rFire    . . .     SeeInvis .   x - -1 rapier
rCold    . . .     Gourm    .   (no shield)
rNeg     . . .     Faith    +   y - +0 robe
rPois    .         Spirit   .   (helmet restricted)
rElec    .         Reflect  .   (no cloak)
rCorr    +         Harm     .   l - +0 pair of gloves
MR       +....                  (no boots)
Stlth    ++........             E - amulet of faith
HPRegen  0.20/turn              L - ring of magical power
MPRegen  0.27/turn              I - ring "Ykleajir" {rCorr +Blink Dex+4}

@: no status effects
A: horns 1, molten scales 1
a: Evoke Blink


You were on level 10 of the Dungeon.
You were very hungry.

You visited 1 branch of the dungeon, and saw 10 of its levels.
You visited the Abyss 2 times.

You collected 628 gold pieces.

Inventory:

Hand Weapons
 x - a -1 rapier (weapon)
 M - a +2 whip of freezing
Armour
 l - a +0 pair of gloves (worn)
 y - a +0 robe (worn)
Jewellery
 a - a +4 ring of intelligence
 b - a cursed ring of loudness {unknown}
 f - a +5 ring of strength
 k - an uncursed ring of protection from cold
 E - an amulet of faith (around neck)
 I - the ring "Ykleajir" (right hand) {rCorr +Blink Dex+4}
   (You found it on level 8 of the Dungeon)

   [ring of resist corrosion]

   It affects your dexterity (+4).
   It lets you blink.
 L - a ring of magical power (left hand)
Wands
 m - a wand of disintegration (12)
 C - a wand of polymorph (12)
 G - a wand of flame (12)
Scrolls
 d - a scroll of random uselessness {unknown}
 e - a scroll of holy word {unknown}
 g - a scroll of enchant weapon {unknown}
 h - 2 scrolls of enchant armour {unknown}
 n - 3 scrolls of blinking {unknown}
 o - 2 scrolls of remove curse
 q - a scroll of brand weapon {unknown}
 r - a scroll of noise {unknown}
 s - 4 scrolls of magic mapping
 t - a scroll of torment {unknown}
 w - 3 scrolls of fear
 A - a scroll of immolation {unknown}
 J - 4 scrolls of fog
Potions
 i - a potion of might
 j - 2 potions of mutation
 p - a potion of curing
 v - a potion of agility
 D - a potion of magic
Comestibles
 c - 18 rations


   Skills:
 * Level 5.3 Fighting
 * Level 12.0 Dodging
 - Level 2.4 Stealth
 + Level 14.0 Spellcasting
 - Level 10.4 Conjurations


You had 30 spell levels left.
You knew the following spells:

 Your Spells              Type           Power        Failure   Level  Hunger
a - Magic Dart            Conj           ####         1%          1    None
b - Dazzling Spray        Conj/Hex       #####.       1%          3    None
c - Iskenderun's Mystic   Conj           ######..     1%          4    None


Dungeon Overview and Level Annotations

Branches:
Dungeon (10/15)              Lair (0/6) D:10            Orc (0/2) D:9
 Temple: D:4-7

Altars:
Cheibriados
Hepliaklqana
Makhleb
Uskayaw
Xom
Yredelemnul
Jiyva

Annotations:
D:7 exclusion: ice statue
D:8 1 transporter


Innate Abilities, Weirdness & Mutations

You have a pair of small horns on your head.
You are partially covered in molten scales. (AC +2)


Message History

* * * LOW HITPOINT WARNING * * *
You are cast deeper into the Abyss!
You plunge deeper into the Abyss.
The abyssal rune of Zot can be found at this depth.
Found a potion of curing.
Found a gateway leading out of the Abyss.
p - a potion of curing
There is a gateway leading out of the Abyss here.
You pass through the gate.
Welcome back to the Dungeon!
Casting: Magic Dart (safe; 1% risk of failure)
Confirm with . or Enter, or press ? or * to list all spells.
Aiming: Iskenderun's Mystic Blast (safe; 1% risk of failure)
Press: ? - help, Shift-Dir - straight line, f - wizard
Aim: a wizard, wielding a dagger and wearing a glowing robe The orb of energy hits the wizard.
The wizard is heavily wounded.
The wizard gestures at you while chanting.
The stone arrow hits you!
You die...

...# #............[.##§§..#
...###.....##........##§§§#
...##.......##........##..#
#........##........##.#
#.........##........###
#.....##....######.....#
#....##....##....##....#
#...##....##......##...#
...##§§§.##..@.p...##..#
..##§§§§##....##....#### ..
##§§§§....##.[..##
##§§§...##§...##
##..(.##§§..## ######§.§§##
##§§.. ##§.. ##.?


You could see a wizard.

Vanquished Creatures
  2 two-headed ogres (D:10)
  A flayed ghost (Abyss:2)
  3 wizards
  Pikel (D:9)
  A gargoyle (D:10)
  Grinder (D:3)
  2 hippogriffs
  A spriggan (D:8)
  A basilisk (D:10)
  2 hungry ghosts (D:9)
  14 yaks
  A two-headed ogre zombie (D:9)
  A hell hound (Abyss:2)
  A water moccasin (D:7)
  3 porcupines (D:10)
  An ice beast (D:8)
  4 orc warriors
  3 sky beasts
  2 slaves (D:9)
  3 phantoms
  3 ogres
  A centaur (D:10)
  3 crocodiles (D:10)
  7 bullfrogs
  A water moccasin skeleton (D:8)
  3 killer bees (D:10)
  2 troll zombies (D:9)
  The ghost of quik the Skirmisher, a weakling OpFi (D:3)
  6 crimson imps
  A quasit (Abyss:2)
  4 hounds
  A centaur skeleton (D:9)
  8 orc wizards
  7 orc priests
  3 bullfrog skeletons
  3 iguanas
  5 worker ants
  4 ogre zombies (D:9)
  A hound skeleton (D:10)
  2 howler monkey zombies (D:5)
  2 worker ant zombies
  12 adders
  6 gnolls
  A shadow imp (D:9)
  An adder skeleton (D:4)
  2 worms (D:2)
  3 dart slugs
  2 leopard geckos
  38 orcs
  13 bats
  2 giant cockroaches
  7 goblins
  7 hobgoblins
  10 jackals
  3 kobolds
  2 quokkas
  A ball python (D:1)
  8 frilled lizards
  4 goblin skeletons (D:9)
  3 goblin zombies (D:9)
  3 hobgoblin skeletons (D:9)
  3 hobgoblin zombies (D:9)
  A jackal skeleton (D:5)
  An orc skeleton (D:9)
  10 orc zombies (D:9)
  A quokka skeleton (D:4)
  6 rats
266 creatures vanquished.

Vanquished Creatures (others)
  A slave (D:9)
  2 ogres (D:6)
  A bullfrog (D:6)
  A gnoll shaman (D:6)
  An iguana (D:9)
  An ogre zombie (D:9)
  A giant cockroach (D:6)
  An orc zombie (D:9)
  2 fungi (D:10)
  7 plants (D:10)
  2 starspawn tentacles (Abyss:2)
20 creatures vanquished.

Grand Total: 286 creatures vanquished

Notes
Turn   | Place    | Note
-------+----------+-------------------------------------------
     0 | D:1      | Gaball the Deep Elf Conjurer began the quest for the Orb.
     0 | D:1      | Reached XP level 1. HP: 10/10 MP: 6/6
   199 | D:1      | Reached XP level 2. HP: 15/15 MP: 5/8
   301 | D:1      | Reached skill level 5 in Conjurations
   570 | D:1      | Reached XP level 3. HP: 19/19 MP: 5/9
  1034 | D:2      | Found a hide-covered altar of Uskayaw.
  1035 | D:2      | Noticed a dagger
  1036 | D:2      | Noticed a hand axe
  1333 | D:3      | Reached skill level 4 in Spellcasting
  1333 | D:3      | Reached XP level 4. HP: 24/24 MP: 10/12
  1359 | D:3      | Learned a level 3 spell: Dazzling Spray
  1364 | D:3      | Learned a level 4 spell: Iskenderun's Mystic Blast
  1458 | D:3      | Noticed quik's ghost (weakling OpFi)
  1600 | D:3      | Noticed Grinder
  1643 | D:3      | Paralysed by Grinder for 3 turns
  1648 | D:3      | Killed Grinder
  1648 | D:3      | Reached skill level 6 in Spellcasting
  1648 | D:3      | Reached XP level 5. HP: 22/28 MP: 0/15
  1648 | D:3      | Reached XP level 6. HP: 25/32 MP: 0/17
  1967 | D:3      | Killed quik's ghost
  2001 | D:3      | Found a basalt altar of Yredelemnul.
  2570 | D:4      | Reached skill level 7 in Spellcasting
  2717 | D:4      | Reached XP level 7. HP: 36/36 MP: 11/19
  2767 | D:4      | Found a hazy altar of Hepliaklqana.
  2768 | D:4      | Found a shimmering altar of Xom.
  2769 | D:4      | Noticed a spectral ugly thing
  3307 | D:5      | Entered Level 5 of the Dungeon
  3496 | D:5      | Reached skill level 8 in Spellcasting
  3862 | D:5      | Found a burning altar of Makhleb.
  4605 | D:6      | Reached XP level 8. HP: 41/41 MP: 13/22
  4607 | D:6      | Reached skill level 9 in Spellcasting
  5122 | D:6      | Found a shimmering altar of Xom.
  6081 | D:7      | Gained mutation: You have a pair of small horns on your head. [potion of mutation]
  6081 | D:7      | Gained mutation: You are partially covered in molten scales. (AC +2) [potion of mutation]
  6086 | D:7      | Reached skill level 10 in Spellcasting
  6321 | D:7      | Noticed an ice statue
  6574 | D:8      | Found a transporter.
  6596 | D:8      | Found a viscous altar of Jiyva.
  6607 | D:8      | Reached skill level 5 in Dodging
  6786 | D:8      | Reached XP level 9. HP: 45/45 MP: 11/25
  6936 | D:8      | Reached skill level 10 in Conjurations
  7083 | D:8      | Found a snail-covered altar of Cheibriados.
  7246 | D:8      | Got a faintly glowing lapis lazuli ring
  7499 | D:8      | Identified the ring "Ykleajir" {rCorr +Blink Dex+4} (You found it on level 8 of the Dungeon)
  7883 | D:9      | Reached skill level 11 in Spellcasting
  7888 | D:9      | Found a staircase to the Orcish Mines.
  8204 | D:9      | Noticed Pikel
  8848 | D:8      | Reached skill level 12 in Spellcasting
  9455 | D:9      | Reached XP level 10. HP: 50/50 MP: 1/28
  9650 | D:9      | Killed Pikel
 10257 | D:10     | Entered Level 10 of the Dungeon
 10491 | D:10     | Reached skill level 1 in Fighting
 10491 | D:10     | Reached skill level 13 in Spellcasting
 10708 | D:10     | Reached skill level 10 in Dodging
 11089 | D:10     | Noticed a two-headed ogre
 11091 | D:10     | Noticed a two-headed ogre
 11094 | D:10     | Killed a two-headed ogre
 11285 | D:10     | Noticed a wizard
 11640 | D:10     | Reached XP level 11. HP: 51/60 MP: 16/30
 12319 | D:10     | Noticed a wizard
 12329 | D:9      | Killed a wizard
 12475 | D:10     | Cast into level 2 of the Abyss (a wizard)
 12498 | Abyss:2  | Noticed a flayed ghost
 12511 | Abyss:2  | Killed a flayed ghost
 12572 | Abyss:2  | Noticed a large abomination
 12604 | Abyss:2  | Found a corrupted altar of Lugonu.
 12649 | Abyss:2  | Noticed a starcursed mass
 12879 | Abyss:2  | Noticed a tentacled starspawn
 12958 | Abyss:2  | HP: 1/62 [fire elemental (9)]
 12998 | D:10     | Escaped the Abyss
 13004 | D:10     | Killed a wizard
 13008 | D:10     | Killed a two-headed ogre
 13008 | D:10     | Reached skill level 5 in Fighting
 13097 | D:10     | Found a staircase to the Lair.
 13312 | D:10     | Noticed a wizard
 13319 | D:10     | Killed a wizard
 13320 | D:10     | Noticed a wizard
 13322 | D:10     | Cast into level 2 of the Abyss (a wizard)
 13353 | Abyss:2  | Noticed a glowing orange brain
 13383 | Abyss:2  | Noticed a starcursed mass
 13465 | Abyss:2  | Noticed an eidolon
 13512 | Abyss:2  | Noticed a lich
 13589 | Abyss:2  | Reached skill level 14 in Spellcasting
 13622 | Abyss:2  | Noticed a tentacled starspawn
 13649 | Abyss:2  | Noticed a spatial maelstrom
 13673 | D:10     | Escaped the Abyss
 13676 | D:10     | Killed from afar by a wizard

Vault maps used:
D:1:      minmay_arrival_stone_box
D:2:      dancing_weapons_uskayaw, minmay_misc_feat_four_crosses
D:3:      old_standard_altar, uniq_grinder
D:4:      regret_index_temple_of_mockery, nicolae_overflow_hidden_temple,
          temple_hall, serial_glass, glass_columns_b, glass_columns_a,
          glass_columns_b, glass_columns_c, glass_columns_c, glass_columns_b,
          kennysheep_decorative_pillar, kennysheep_small_circle
D:5:      bloody_makhleb, first_ration
D:6:      xom_confusion_cloud
D:7:      lemuel_ice_statue
D:8:      gammafunk_jiyva_shrine, grunt_pizzeria, cheibriados_altar_1
D:9:      zombieorc2_lemuel, uniq_pikel
D:10:     minmay_smoke_and_mirrors, minmay_lair_entry_grove
Abyss:2:  hangedman_steaming_rock, hangedman_elemental_corridor, minivault_1,
          minivault_28
Abyss:3:  serial_sigils_hangedman_gut, evilmike_abyss_rune_siren_acolytes,
          bh_abyss_xom_lugonu_altar

Skill      XL: |  1  2  3  4  5  6  7  8  9 10 11 |
---------------+----------------------------------+-----
Conjurations   | 5 6 7 8 9 10 | 10.4
Spellcasting   | 4 6 7 8 10 12 13 14 | 14.0
Dodging        | 5 8 10 12 | 12.0
Fighting       | 3 5 |  5.3
Stealth        | |  2.4

Action                   |  1- 3 |  4- 6 |  7- 9 | 10-12 || total
-------------------------+-------+-------+-------+-------++-------
Melee: Unarmed           |     1 |     4 |       |       ||     5
       Rapier            |       |       |     7 |     3 ||    10
       Headbutt          |       |       |     1 |     2 ||     3
 Cast: Magic Dart        |    87 |   110 |   267 |   157 ||   621
       Iskenderun's Myst |       |     7 |   103 |   110 ||   220
       Dazzling Spray    |       |       |       |     4 ||     4
Evoke: Wand              |       |       |       |     1 ||     1
  Use: Potion            |     1 |       |     5 |    10 ||    16
       Scroll            |       |       |     6 |    12 ||    18
 Stab: Distracted        |       |       |       |     1 ||     1
  Eat: Chunk             |     1 |     5 |    15 |     9 ||    30
       Ration            |       |       |     2 |     1 ||     3
Armor: Robe              |     2 |     6 |    23 |    18 ||    49
Dodge: Dodged            |     4 |    16 |    64 |   136 ||   220
Block: Shield            |     3 |       |       |       ||     3

Table legend:
 A = Spawn XP
 B = Non-spawn XP
 C = Spawn XP percentage of total XP
 D = Spawn monster count
 E = Non-spawn monster count
 F = Spawn count percentage of total count
 G = Total turns spent on level
                    A         B        C        D         E        F      G
               +---------+---------+-------+---------+---------+-------+---------
         Total |     750 |   15738 |   4.5 |       1 |     263 |   0.4 | 13676
               +---------+---------+-------+---------+---------+-------+---------
           D:1 |       0 |      44 |   0.0 |       0 |      26 |   0.0 |   713
           D:2 |       0 |      67 |   0.0 |       0 |      13 |   0.0 |   538
           D:3 |       0 |     502 |   0.0 |       0 |      39 |   0.0 |  1173
           D:4 |       0 |     433 |   0.0 |       0 |      13 |   0.0 |   883
           D:5 |       0 |     242 |   0.0 |       0 |       7 |   0.0 |   982
           D:6 |       0 |     619 |   0.0 |       0 |      16 |   0.0 |  1174
           D:7 |       0 |     580 |   0.0 |       0 |      12 |   0.0 |  1346
           D:8 |       0 |    1901 |   0.0 |       0 |      24 |   0.0 |  1251
           D:9 |       0 |    3441 |   0.0 |       0 |      59 |   0.0 |  2810
          D:10 |       0 |    7713 |   0.0 |       0 |      52 |   0.0 |  1932
       Abyss:2 |     750 |     196 |  79.3 |       1 |       2 |  33.3 |   861
               +---------+---------+-------+---------+---------+-------+---------
